 Dungeon Crawl Stone Soup version bcrawl-1.13.2 (webtiles) character file.

Game seed: 8388876088317611885

292 Revguard the Cudgeler (level 6, -8/44 HPs)
             Began as a Demonspawn Archaeologist on Aug 8, 2019.
             Was a Follower of Makhleb.
             Mangled by an orc warrior
             ... wielding a +0 glaive
              (17 damage)
             ... on level 3 of the Dungeon.
             The game lasted 00:10:51 (3059 turns).

Revguard the Cudgeler (Demonspawn Archaeologist)    Turns: 3059, Time: 00:10:51

Health: -8/44      AC:  7    Str: 12 (14) XL:     6   Next: 10%
Magic:  6/6        EV: 18    Int: 16 (19) God:    Makhleb [*.....]
Gold:   154        SH:  0    Dex: 14 (16) Spells: 5/5 levels left

rFire    . . .     SeeInvis .   f - +7 great mace "Undeadhunter" {disrupt, rN+}
rCold    . . .     Gourm    .   (shield currently unavailable)
rNeg     + + .     Faith    .   n - +1 leather armour {rN+}
rPois    .         Spirit   .   c - +1 hat
rElec    .         Reflect  .   (no cloak)
rCorr    +         Harm     .   (no gloves)
MR       .....                  d - +1 pair of boots
Stlth    +++.......             (no amulet)
HPRegen  0.14/turn              b - ring of resist corrosion
MPRegen  0.10/turn              e - +4 ring of intelligence

@: agile
A: claws 1, horns 1, talons 2
a: Renounce Religion


You were on level 3 of the Dungeon.
You worshipped Makhleb.
Makhleb was aware of your devotion.
You were not hungry.

You visited 1 branch of the dungeon, and saw 3 of its levels.

You collected 154 gold pieces.

Inventory:

Hand Weapons
 a - a +0 whip
 f - the +7 great mace "Undeadhunter" (weapon) {disrupt, rN+}

   It protects you from negative energy.
 p - a +1 hand axe
Armour
 c - a +1 hat (worn)
 d - a +1 pair of boots (worn)
 m - a +0 ring mail
 n - a +1 leather armour of positive energy (worn)
Jewellery
 b - a ring of resist corrosion (left claw)
 e - a +4 ring of intelligence (right claw)
Scrolls
 h - 2 scrolls of identify
 k - 3 scrolls of teleportation
 l - a scroll of noise
 o - a scroll of magic mapping {unknown}
Potions
 j - a potion of degeneration
Comestibles
 g - 6 rations {!d}
 i - 4 chunks of flesh


   Skills:
 * Level 1.6 Fighting
 + Level 6.7 Maces & Flails
 + Level 1.2 Armour
 + Level 3.1 Dodging
 - Level 3.0 Stealth
 * Level 0.2 Invocations


You had 5 spell levels left.
You didn't know any spells.
Your spell library was empty.

Dungeon Overview and Level Annotations

Branches:
Dungeon (3/12)

Altars:
Kikubaaqudgha
Makhleb
Wu Jian


Innate Abilities, Weirdness & Mutations

You have sharp fingernails.
You have a pair of small horns on your head.
You have razor-sharp toenails.


Message History

The orc wizard mumbles some strange words.
The orc wizard blinks!
The orc warrior closely misses you.
You hit the orc warrior but do no damage.
Your headbutt misses the orc warrior. The orc warrior completely misses you.
You thump the orc warrior!
The orc warrior is moderately wounded.
The orc warrior barely misses you.
The orc wizard hits you but does no damage.
You hit the orc warrior.
You headbutt the orc warrior, but do no damage.
The orc warrior is heavily wounded.
The orc wizard casts a spell.
The orc wizard seems to speed up.
The orc warrior barely misses you. The orc wizard misses you.
You hit the orc warrior. You headbutt the orc warrior.
The orc warrior is heavily wounded.
The orc wizard hits you but does no damage.
The orc warrior hits you with a +0 glaive!
You die...

... #.. ####
###..##... ........
#.....# ##
####.....## ..
..........# #.#
#..)..o######.#
#...).o@....#.##
#......####....####
#.$....# ##......#
#......# #...<..#
#......#####......#
#......##.....#####
####.#.....#......##
###...............##
..................#


You could see an orc warrior and an orc wizard.

Vanquished Creatures
  Sigmund (D:2)
  A howler monkey (D:2)
  Robin (D:2)
  An adder (D:3)
  An ooze (D:2)
  2 worms
  A leopard gecko (D:1)
  2 orcs (D:3)
  2 bats
  4 giant cockroaches
  13 goblins
  9 hobgoblins
  2 jackals (D:2)
  4 quokkas
  A ball python (D:1)
  4 frilled lizards
  11 kobolds
  15 rats
75 creatures vanquished.

Notes
Turn   | Place    | Note
-------+----------+-------------------------------------------
     0 | D:1      | Revguard the Demonspawn Archaeologist began the quest for
                  | the Orb.
     0 | D:1      | Reached XP level 1. HP: 15/15 MP: 1/1
   250 | D:1      | Reached skill level 1 in Maces & Flails
   307 | D:1      | Gained mutation: You have sharp toenails. [demonic
                  | ancestry]
   307 | D:1      | Reached XP level 2. HP: 21/21 MP: 2/2
   589 | D:1      | Reached skill level 1 in Armour
   909 | D:2      | Noticed a howler monkey
   910 | D:2      | Found a burning altar of Makhleb.
   914 | D:2      | Became a worshipper of Makhleb the Destroyer
   927 | D:2      | Gained mutation: You have sharp fingernails. [demonic
                  | ancestry]
   927 | D:2      | Reached XP level 3. HP: 20/26 MP: 3/3
   964 | D:2      | Noticed Sigmund
   966 | D:2      | Reached skill level 3 in Maces & Flails
   980 | D:1      | Reached XP level 4. HP: 11/32 MP: 4/4
  1570 | D:2      | Noticed Robin
  1592 | D:2      | Killed Robin
  1613 | D:2      | Reached skill level 4 in Maces & Flails
  1785 | D:2      | Found an ancient bone altar of Kikubaaqudgha.
  2369 | D:2      | Killed Sigmund
  2369 | D:2      | Reached skill level 6 in Maces & Flails
  2369 | D:2      | Gained mutation: You have a pair of small horns on your
                  | head. [demonic ancestry]
  2369 | D:2      | Reached XP level 5. HP: 9/37 MP: 5/5
  2684 | D:2      | Reached * piety under Makhleb
  2691 | D:2      | Gained mutation: You have razor-sharp toenails. [demonic
                  | ancestry]
  2691 | D:2      | Reached XP level 6. HP: 30/43 MP: 6/6
  2818 | D:2      | Found an ornate altar of the Wu Jian Council.
  3039 | D:3      | Noticed an orc warrior
  3059 | D:3      | Mangled by an orc warrior

Skill      XL: |  1  2  3  4 |
---------------+-------------+-----
Maces & Flails | 1 3 6 |  6.7
Dodging        | 3 |  3.1
Armour         | 1 |  1.2
Fighting       | |  1.6
Stealth        | |  3.0
Invocations    | |  0.2

Action                   |  1- 3 |  4- 6 || total
-------------------------+-------+-------++-------
Melee: Whip              |   138 |   107 ||   245
       Hand axe          |       |    42 ||    42
       Great mace        |       |    48 ||    48
       Headbutt          |       |     9 ||     9
  Use: Potion            |     1 |     4 ||     5
       Scroll            |       |     7 ||     7
 Stab: Sleeping          |     7 |       ||     7
       Distracted        |       |     1 ||     1
  Eat: Chunk             |       |     7 ||     7
Armor: Robe              |    20 |       ||    20
       Ring mail         |    23 |     4 ||    27
       Leather armour    |       |    66 ||    66
Dodge: Dodged            |    79 |   165 ||   244
